APP
OREM OWLZ @ BOSTON (APP) RED SOX
10/03/2046
 
TOP OF THE 1ST
Orem Owlz batting - Pitching for Boston (APP) Red Sox : RHP Teruhiko Ushijima
Pitching: RHP Teruhiko Ushijima
Batting: RHB Ricky Mejicanos 0-0: Called Strike
0-1: Ball
1-1: Called Strike
1-2: Foul Ball, location: 2F
1-2: Foul Ball, location: 2F
1-2: SINGLE (Line Drive, 9S, EV 102.5 MPH)
Batting: LHB Alberto Carrillo 0-0: Ball
1-0: Foul Ball, location: 2F
1-1: Ball
2-1: Ball
3-1: Swinging Strike
3-2: Base on Balls
Ricky Mejicanos to second
Batting: LHB Dave Hicks 0-0: Ball
1-0: Ball
2-0: Ball
Wild Pitch!
Ricky Mejicanos to third
Alberto Carrillo to second
3-0: Called Strike
3-1: Base on Balls
Batting: RHB Wilford Harper 0-0: Foul Ball, location: 2F
0-1: Called Strike
0-2: Ball
1-2: Foul Ball, location: 2F
1-2: Ball
2-2: Grounds into double play, 5-4-3 (Groundball, 56S, EV 82.5 MPH)
Ricky Mejicanos scores
Alberto Carrillo to third
Batting: SHB Winikeneke Keikemamake 0-0: Swinging Strike
0-1: Called Strike
0-2: Ball
1-2: Strikes out swinging
Top of the 1st over - 1 run, 1 hit, 0 errors, 1 left on base; Orem 1 - Boston (APP) 0
BOTTOM OF THE 1ST
Boston (APP) Red Sox batting - Pitching for Orem Owlz : LHP Jon Lawson
Pitching: LHP Jon Lawson
Batting: RHB Tony Nunez 0-0: Ball
1-0: Ball
2-0: Ground out 5-3 (Groundball, 56, EV 86.9 MPH)
Batting: SHB Salvador Padilla 0-0: Foul Ball, location: 2F
0-1: Ball
1-1: Foul Ball, location: 2F
1-2: Foul Ball, location: 2F
1-2: DOUBLE (Flyball, 8RD, EV 91.9 MPH)
Batting: LHB Carlos Guerra 0-0: Fly out, F7 (Flyball, 78S, EV 85.0 MPH)
Batting: RHB Dave Burwell 0-0: Ball
1-0: Called Strike
1-1: Swinging Strike
1-2: DOUBLE (Line Drive, 7LS, EV 101.9 MPH)
Salvador Padilla scores
Batting: RHB Alex Melendez 0-0: Called Strike
0-1: Swinging Strike
0-2: Strikes out swinging
Bottom of the 1st over - 1 run, 2 hits, 0 errors, 1 left on base; Orem 1 - Boston (APP) 1
TOP OF THE 2ND
Orem Owlz batting - Pitching for Boston (APP) Red Sox : RHP Teruhiko Ushijima
Batting: RHB Trevor Kingston 0-0: SINGLE (Line Drive, 6MD, EV 96.2 MPH)
Batting: RHB Peter Westover 0-0: Called Strike
0-1: Called Strike
0-2: Foul Ball, location: 2F
0-2: Ball
1-2: Ball
2-2: Ball
3-2: Base on Balls
Trevor Kingston to second
Batting: RHB Rory Cobb 0-0: Ball
1-0: Ball
2-0: Called Strike
2-1: Called Strike
2-2: Strikes out swinging
Batting: SHB David Vigo 0-0: Ball
1-0: DOUBLE (Line Drive, 9LS, EV 90.0 MPH)
Trevor Kingston scores
Peter Westover to third
Runner from 3rd tries for Home, SAFE, throw by RF to trailing runner, SAFE at third!
Batting: RHB Ricky Mejicanos 0-0: Called Strike
0-1: Foul Ball, location: 2F
0-2: Strikes out looking
Batting: LHB Alberto Carrillo 0-0: Ball
1-0: Ball
2-0: Ground out 4-3 (Groundball, 4, EV 91.2 MPH)
Top of the 2nd over - 2 runs, 2 hits, 0 errors, 1 left on base; Orem 3 - Boston (APP) 1
BOTTOM OF THE 2ND
Boston (APP) Red Sox batting - Pitching for Orem Owlz : LHP Jon Lawson
Batting: RHB John Doucette 0-0: Called Strike
0-1: Called Strike
0-2: Ball
1-2: SINGLE (Line Drive, 8LS, EV 104.4 MPH)
Batting: RHB Miguel Villanueva 0-0: Called Strike
0-1: Ball
Wild Pitch!
John Doucette to second
1-1: Foul Ball, location: 2F
1-2: Strikes out swinging
Batting: RHB Tony Gallegos 0-0: Fly out, F8 (Flyball, 8LD, EV 79.4 MPH)
Batting: RHB Joe Booth 0-0: Ball
1-0: Called Strike
1-1: Foul Ball, location: 7LSF, Error on foul ball, E7
1-2: Fly out, F8 (Flyball, 89M, EV 91.2 MPH)
Bottom of the 2nd over - 0 runs, 1 hit, 1 error, 1 left on base; Orem 3 - Boston (APP) 1
TOP OF THE 3RD
Orem Owlz batting - Pitching for Boston (APP) Red Sox : RHP Teruhiko Ushijima
Batting: LHB Dave Hicks 0-0: Ball
1-0: Called Strike
1-1: Ball
2-1: Ball
3-1: Foul Ball, location: 2F
3-2: Foul Ball, location: 2F
3-2: Base on Balls
Batting: RHB Wilford Harper 0-0: Called Strike
0-1: Ball
1-1: Fielders Choice at 2nd, 5-4 (Groundball, 56, EV 101.2 MPH)
Batting: SHB Winikeneke Keikemamake 0-0: Ball
1-0: Fly out, F3 (Line Drive, 34, EV 66.2 MPH)
Lined into DP, U3 (Line Drive, 34, EV 71.9 MPH)
Top of the 3rd over - 0 runs, 0 hits, 0 errors, 0 left on base; Orem 3 - Boston (APP) 1
BOTTOM OF THE 3RD
Boston (APP) Red Sox batting - Pitching for Orem Owlz : LHP Jon Lawson
Batting: RHB Tony Nunez 0-0: Ball
1-0: Foul Ball, location: 2F
1-1: Called Strike
1-2: Foul Ball, location: 2F
1-2: Strikes out looking
Batting: SHB Salvador Padilla 0-0: Ball
1-0: Ground out 5-3 (Groundball, 56, EV 108.1 MPH)
Batting: LHB Carlos Guerra 0-0: Ball
1-0: Foul Ball, location: 2F
1-1: Ball
2-1: Swinging Strike
2-2: Foul Ball, location: 2F
2-2: Ball
3-2: Foul Ball, location: 2F
3-2: Foul Ball, location: 2F
3-2: Foul Ball, location: 2F
3-2: Fly out, F7 (Flyball, 78M, EV 85.0 MPH)
Bottom of the 3rd over - 0 runs, 0 hits, 0 errors, 0 left on base; Orem 3 - Boston (APP) 1
TOP OF THE 4TH
Orem Owlz batting - Pitching for Boston (APP) Red Sox : RHP Teruhiko Ushijima
Batting: RHB Trevor Kingston 0-0: Ball
1-0: Ball
2-0: Ball
3-0: Base on Balls
Batting: RHB Peter Westover 0-0: Foul Ball, location: 2F
0-1: Ball
1-1: Ball
2-1: Ball
Trevor Kingston is caught stealing 2nd base 2-4
3-1: Swinging Strike
3-2: Strikes out looking
Batting: RHB Rory Cobb 0-0: Called Strike
0-1: Swinging Strike
0-2: Ball
1-2: Ball
2-2: Strikes out looking
Top of the 4th over - 0 runs, 0 hits, 0 errors, 0 left on base; Orem 3 - Boston (APP) 1
BOTTOM OF THE 4TH
Boston (APP) Red Sox batting - Pitching for Orem Owlz : LHP Jon Lawson
Batting: RHB Dave Burwell 0-0: Ball
1-0: Ball
2-0: Called Strike
2-1: Ball
3-1: Foul Ball, location: 2F
3-2: Foul Ball, location: 2F
3-2: Strikes out swinging
Batting: RHB Alex Melendez 0-0: Called Strike
0-1: SOLO HOME RUN (Flyball, 7LD, EV 93.8 MPH), Distance : 336 ft
Batting: RHB John Doucette 0-0: Ground out 4-3 (Groundball, 4M, EV 81.9 MPH)
Batting: RHB Miguel Villanueva 0-0: Ball
1-0: Called Strike
1-1: Ball
2-1: Ball
3-1: Base on Balls
Batting: RHB Tony Gallegos 0-0: Called Strike
Miguel Villanueva is caught stealing 2nd base 2-4
Bottom of the 4th over - 1 run, 1 hit, 0 errors, 0 left on base; Orem 3 - Boston (APP) 2
TOP OF THE 5TH
Orem Owlz batting - Pitching for Boston (APP) Red Sox : RHP Teruhiko Ushijima
Batting: SHB David Vigo 0-0: Ball
1-0: Foul Ball, location: 2F
1-1: Foul Ball, location: 2F
1-2: Strikes out swinging
Batting: RHB Ricky Mejicanos 0-0: Swinging Strike
0-1: Foul Ball, location: 2F
0-2: Ball
1-2: Strikes out swinging
Batting: LHB Alberto Carrillo 0-0: Ball
1-0: Ground out 3-1 (Groundball, 34, EV 90.6 MPH)
Top of the 5th over - 0 runs, 0 hits, 0 errors, 0 left on base; Orem 3 - Boston (APP) 2
BOTTOM OF THE 5TH
Boston (APP) Red Sox batting - Pitching for Orem Owlz : LHP Jon Lawson
Batting: RHB Tony Gallegos 0-0: Called Strike
0-1: Ball
1-1: DOUBLE (Line Drive, 9LM, EV 100.0 MPH)
Batting: RHB Joe Booth 0-0: Ball
1-0: Called Strike
1-1: Ball
2-1: Foul Ball, location: 2F
2-2: Strikes out swinging
Batting: RHB Tony Nunez 0-0: Swinging Strike
0-1: Foul Ball, location: 2F
0-2: DOUBLE (Line Drive, 3D, EV 95.6 MPH)
Tony Gallegos scores
Batting: SHB Salvador Padilla 0-0: Ball
1-0: Foul Ball, location: 2F
1-1: Ground out U3 (Groundball, 34, EV 106.9 MPH)
Tony Nunez to third
Batting: LHB Carlos Guerra 0-0: Ball
1-0: Foul Ball, location: 2F
1-1: Swinging Strike
1-2: Ball
2-2: Foul Ball, location: 2F
2-2: Foul Ball, location: 2F
2-2: Ball
3-2: Foul Ball, location: 2F
3-2: Foul Ball, location: 2F
3-2: DOUBLE (Flyball, 7LD, EV 91.2 MPH)
Tony Nunez scores
Batting: RHB Dave Burwell 0-0: DOUBLE (Flyball, 89XD, EV 98.1 MPH)
Carlos Guerra scores
Pitching: RHP Jim Sawicki
Batting: RHB Alex Melendez 0-0: Called Strike
0-1: Ball
1-1: SINGLE (Flyball, 8RS, EV 93.1 MPH)
Dave Burwell to third
Runner from 3rd tries for Home, SAFE, throw by CF to home
Batting: RHB John Doucette 0-0: Ball
1-0: Ball
2-0: Ball
3-0: Called Strike
3-1: Foul Ball, location: 2F
3-2: Base on Balls
Alex Melendez to second
Batting: RHB Miguel Villanueva 0-0: Ball
1-0: Ball
2-0: Ball
3-0: Base on Balls
Alex Melendez to third
John Doucette to second
Batting: RHB Tony Gallegos 0-0: Called Strike
0-1: Called Strike
0-2: Ball
1-2: Foul Ball, location: 2F
1-2: Ball
2-2: Foul Ball, location: 2F
2-2: Ball
3-2: Base on Balls
Alex Melendez scores
John Doucette to third
Miguel Villanueva to second
Batting: RHB Joe Booth 0-0: Ball
1-0: Foul Ball, location: 2F
1-1: Swinging Strike
1-2: SINGLE (Groundball, 6M, EV 83.8 MPH) (infield hit)
John Doucette scores
Miguel Villanueva to third
Tony Gallegos to second
Batting: RHB Tony Nunez 0-0: Called Strike
0-1: Hit by Pitch
Miguel Villanueva scores
Tony Gallegos to third
Joe Booth to second
Batting: SHB Salvador Padilla 0-0: Called Strike
0-1: Ball
1-1: Ball
2-1: Ball
Passed Ball!
Tony Gallegos scores
Joe Booth to third
Tony Nunez to second
3-1: Foul Ball, location: 2F
3-2: Foul Ball, location: 2F
3-2: Fly out, F8 (Flyball, 8RD, EV 96.9 MPH)
Bottom of the 5th over - 8 runs, 6 hits, 0 errors, 2 left on base; Orem 3 - Boston (APP) 10
TOP OF THE 6TH
Orem Owlz batting - Pitching for Boston (APP) Red Sox : RHP Teruhiko Ushijima
Pitching: RHP Jose Abanto
Batting: LHB Dave Hicks 0-0: Called Strike
0-1: Foul Ball, location: 2F
0-2: Strikes out looking
Batting: RHB Wilford Harper 0-0: Ball
1-0: Ball
2-0: Ball
3-0: Base on Balls
Batting: SHB Winikeneke Keikemamake 0-0: Grounds into double play, U6-3 (Groundball, 4M, EV 103.8 MPH)
Top of the 6th over - 0 runs, 0 hits, 0 errors, 0 left on base; Orem 3 - Boston (APP) 10
BOTTOM OF THE 6TH
Boston (APP) Red Sox batting - Pitching for Orem Owlz : RHP Jim Sawicki
Batting: LHB Carlos Guerra 0-0: Ball
1-0: Called Strike
1-1: SOLO HOME RUN (Flyball, 78XD, EV 106.9 MPH), Distance : 423 ft
Pitching: RHP Josh Brewer
Batting: RHB Dave Burwell 0-0: Called Strike
0-1: Hit by Pitch
Batting: RHB Alex Melendez 0-0: Ball
1-0: Ball
2-0: Fly out, F8 (Flyball, 8LXD, EV 96.2 MPH)
Batting: RHB John Doucette 0-0: Foul Ball, location: 2F
0-1: Ball
1-1: Foul Ball, location: 2F
1-2: Foul Ball, location: 2F
1-2: Foul Ball, location: 2F
1-2: Ball
2-2: Fly out, F9 (Flyball, 9S, EV 78.1 MPH)
Batting: RHB Miguel Villanueva 0-0: Called Strike
0-1: Foul Ball, location: 2F
0-2: Foul Ball, location: 2F
0-2: Strikes out swinging
Bottom of the 6th over - 1 run, 1 hit, 0 errors, 1 left on base; Orem 3 - Boston (APP) 11
TOP OF THE 7TH
Orem Owlz batting - Pitching for Boston (APP) Red Sox : RHP Jose Abanto
Batting: RHB Trevor Kingston 0-0: Ball
1-0: Swinging Strike
1-1: Called Strike
1-2: Ball
2-2: Strikes out looking
Batting: RHB Peter Westover 0-0: Ball
1-0: Swinging Strike
1-1: SOLO HOME RUN (Flyball, 7LD, EV 93.1 MPH), Distance : 350 ft
Batting: RHB Rory Cobb 0-0: Ball
1-0: Ball
2-0: Called Strike
2-1: Ball
3-1: Base on Balls
Batting: SHB David Vigo 0-0: Ball
1-0: Ball
2-0: Swinging Strike
2-1: Foul Ball, location: 2F
2-2: Foul Ball, location: 2F
2-2: Foul Ball, location: 2F
2-2: Strikes out swinging
Pitching: RHP Paul Carter
Batting: RHB Ricky Mejicanos 0-0: Ball
Rory Cobb steals 2nd base (no throw)
1-0: Ball
2-0: Foul Ball, location: 2F
2-1: Called Strike
2-2: Reached on error, E5 (Groundball, 56D, EV 78.1 MPH)
Rory Cobb to third
Batting: LHB Alberto Carrillo 0-0: Called Strike
0-1: Ball
1-1: Fly out, F8 (Flyball, 8RS, EV 81.9 MPH)
Top of the 7th over - 1 run, 1 hit, 1 error, 2 left on base; Orem 4 - Boston (APP) 11
BOTTOM OF THE 7TH
Boston (APP) Red Sox batting - Pitching for Orem Owlz : RHP Josh Brewer
Batting: RHB Tony Gallegos 0-0: Ball
1-0: Ground out 4-3 (Groundball, 4, EV 88.1 MPH)
Pinch Hitting: RHB Aukukero Tairi 0-0: Ball
1-0: Ball
2-0: Foul Ball, location: 2F
2-1: Foul Ball, location: 2F
2-2: Foul Ball, location: 2F
2-2: Ball
3-2: Foul Ball, location: 2F
3-2: SINGLE (Groundball, 56D, EV 103.1 MPH)
Pitching: RHP Josh Reynolds
Batting: RHB Tony Nunez 0-0: Ball
1-0: Foul Ball, location: 2F
1-1: Swinging Strike
1-2: Ball
2-2: Ball
3-2: Foul Ball, location: 2F
3-2: Foul Ball, location: 2F
3-2: Strikes out swinging
Batting: SHB Salvador Padilla 0-0: Foul Ball, location: 2F
0-1: Ground out 1-3 (Groundball, 34S, EV 68.8 MPH)
Bottom of the 7th over - 0 runs, 1 hit, 0 errors, 1 left on base; Orem 4 - Boston (APP) 11
TOP OF THE 8TH
Orem Owlz batting - Pitching for Boston (APP) Red Sox : RHP Paul Carter
Now in CF: Aukukero Tairi
Batting: LHB Dave Hicks 0-0: Foul Ball, location: 2F
0-1: Foul Ball, location: 2F
0-2: Strikes out swinging
Batting: RHB Nick Lombardo 0-0: Called Strike
0-1: Fly out, F2 (Popup, 25F, EV 82.5 MPH)
Batting: SHB Winikeneke Keikemamake 0-0: Ball
1-0: SINGLE (Flyball, 3D, EV 93.8 MPH)
Batting: RHB Trevor Kingston 0-0: Called Strike
0-1: Foul Ball, location: 2F
0-2: Strikes out swinging
Top of the 8th over - 0 runs, 1 hit, 0 errors, 1 left on base; Orem 4 - Boston (APP) 11
BOTTOM OF THE 8TH
Boston (APP) Red Sox batting - Pitching for Orem Owlz : RHP Josh Reynolds
Batting: LHB Carlos Guerra 0-0: Ball
1-0: Foul Ball, location: 2F
1-1: Swinging Strike
1-2: Ball
2-2: Foul Ball, location: 2F
2-2: Foul Ball, location: 2F
2-2: Strikes out swinging
Batting: RHB Dave Burwell 0-0: Foul Ball, location: 2F
0-1: Foul Ball, location: 2F
0-2: Hit by Pitch
Batting: RHB Alex Melendez 0-0: Ball
1-0: Ball
2-0: Called Strike
2-1: Ball
3-1: Base on Balls
Dave Burwell to second
Batting: RHB John Doucette 0-0: Foul Ball, location: 2F
0-1: Foul Ball, location: 2F
0-2: Ball
1-2: Fly out, F7 (Flyball, 78M, EV 93.1 MPH)
Batting: RHB Miguel Villanueva 0-0: Called Strike
0-1: Ball
1-1: Ground out 4-3 (Groundball, 4, EV 89.4 MPH)
Bottom of the 8th over - 0 runs, 0 hits, 0 errors, 2 left on base; Orem 4 - Boston (APP) 11
TOP OF THE 9TH
Orem Owlz batting - Pitching for Boston (APP) Red Sox : RHP Paul Carter
Batting: RHB Peter Westover 0-0: Called Strike
0-1: Foul Ball, location: 2F
0-2: Ball
1-2: Ball
2-2: Foul Ball, location: 2F
2-2: Strikes out swinging
Pitching: RHP Nherbert Silivan
Pinch Hitting: LHB Jamie Diebel 0-0: Ball
1-0: Fly out, F9 (Flyball, 9D, EV 83.8 MPH)
Batting: SHB David Vigo 0-0: Called Strike
0-1: Foul Ball, location: 2F
0-2: Ball
1-2: Strikes out swinging
Top of the 9th over - 0 runs, 0 hits, 0 errors, 0 left on base; Orem 4 - Boston (APP) 11
Tuesday, September 13th , 2022 - OOTP Baseball 23.7 Build 88